 Dungeon Crawl Stone Soup version 0.27.0-1-g7a089689b8 (webtiles) character file.

Game seed: 12839565121912285242

6436 KamiKatze the Cleaver (level 11, -3/86 HPs)
             Began as a Formicid Fighter on Aug 3, 2021.
             Was an Elder of Okawaru.
             Slain by Snorg (13 damage)
             ... on level 9 of the Dungeon.
             The game lasted 00:39:45 (11070 turns).

KamiKatze the Cleaver (Formicid Fighter)           Turns: 11070, Time: 00:39:45

Health: -3/86      AC: 15    Str: 23    XL:     11   Next: 18%
Magic:  13/13      EV: 11    Int: 13    God:    Okawaru [****..]
Gold:   47         SH: 12    Dex: 16    Spells: 10/10 levels left

rFire    + . .     SeeInvis +   w - +0 broad axe (venom)
rCold    . . .     Faith    .   c - +0 kite shield
rNeg     . . .     Spirit   .   g - +0 chain mail
rPois    +         Reflect  .   (helmet unavailable)
rElec    .         Harm     .   u - +1 cloak
rCorr    .         Rampage  .   l - +0 pair of gloves
Will     +....                  o - +0 pair of boots
Stlth    ..........             d - amulet "Odufytann" {rPois Regen+ Int+4 SInv}
HPRegen  1.24/turn              i - +6 ring of dexterity
MPRegen  0.13/turn              y - ring of protection from fire

@: studying Dodging
A: permanent stasis, dig shafts and tunnels, antennae 3, four strong arms
a: Dig, Shaft Self, Renounce Religion, Heroism


You were on level 9 of the Dungeon.
You worshipped Okawaru.
Okawaru was greatly pleased with you.
You visited 2 branches of the dungeon, and saw 11 of its levels.

You collected 638 gold pieces.
You spent 591 gold pieces at shops.

Inventory:

Hand Weapons
 a - a +1 war axe
 w - a +0 broad axe of venom (weapon)
Missiles
 e - 20 poisoned darts (quivered)
 G - a curare-tipped dart
Armour
 c - a +0 kite shield (worn)
 f - a +0 plate armour
 g - a +0 chain mail (worn)
 l - a +0 pair of gloves (worn)
 o - a +0 pair of boots (worn)
 u - a +1 cloak (worn)
Jewellery
 d - the amulet "Odufytann" (around neck) {rPois Regen+ Int+4 SInv}
   (You bought it in a shop on level 2 of the Dungeon)

   [amulet of regeneration]

   Int:       It affects your intelligence (+4).
   rPois:     It protects you from poison.
   SInv:      It lets you see invisible.
   Regen:     It increases your rate of health regeneration.
 i - a +6 ring of dexterity (left hand)
 v - an amulet of guardian spirit
 x - a ring of positive energy
 y - a ring of protection from fire (right hand)
Wands
 m - a wand of flame (42)
 n - a wand of digging (8)
 B - a wand of polymorph (9)
 F - a wand of iceblast (5)
Scrolls
 b - 2 scrolls of fear
 k - a scroll of fog
 r - 3 scrolls of enchant weapon
 C - a scroll of immolation
Potions
 h - 2 potions of brilliance
 j - 2 potions of lignification {unknown}
 p - 3 potions of attraction
 q - a potion of curing
 s - a potion of might
 t - a potion of resistance {unknown}
 z - 2 potions of berserk rage {unknown}
 A - 2 potions of invisibility
 D - a potion of ambrosia {unknown}
 E - a potion of mutation
 H - a potion of magic {unknown}


   Skills:
 + Level 7.8 Fighting
 * Level 9.5 Axes
 + Level 7.8 Armour
 + Level 6.2 Dodging
 + Level 8.5 Shields
 + Level 3.2 Invocations
 - Level 2.0 Evocations


You had 10 spell levels left.
You didn't know any spells.
Your spell library contained the following spells:

 Spells                   Type           Power      Damage    Failure   Level
 Apportation              Tloc           0%         N/A       91%         1
 Shock                    Conj/Air       0%         1d3       91%         1
 Ignite Poison            Fire/Tmut/Pois 0%         N/A       100%        3
 Mephitic Cloud           Conj/Pois/Air  0%         N/A       100%        3
 Airstrike                Air            0%         N/A       100%        4
 Animate Armour           Summ/Erth      0%         N/A       100%        4
 Alistair's Intoxication  Tmut/Pois      0%         N/A       100%        5
 Blade Hands              Tmut           0%         N/A       100%        5
 Bolt of Magma            Conj/Fire/Erth 0%         4d4       100%        5
 Summon Forest            Summ/Tloc      0%         N/A       100%        5
 Summon Mana Viper        Hex/Summ       0%         N/A       100%        5
 Invisibility             Hex            0%         N/A       100%        6
 Iron Shot                Conj/Erth      0%         9d1       100%        6
 Shadow Creatures         Summ           N/A        N/A       100%        6
 Swiftness                Air            Unusable   N/A       N/A         3

Dungeon Overview and Level Annotations

Branches:
Dungeon (10/15)            Temple (1/1) D:6             Orc (0/2) D:9
   Lair: D:8-11

Altars:
Ashenzari
Cheibriados
Dithmenos
Elyvilon
Fedhas
Gozag
Hepliaklqana
Kikubaaqudgha
Makhleb
Nemelex Xobeh
Okawaru
Qazlal
Ru
Sif Muna
Trog
Vehumet
Wu Jian
Xom
Yredelemnul
Zin
The Shining One

Shops:
D:2 =

Annotations:
D:7 exclusion: statue
D:8 1 runed translucent door, exclusion: door, NikiYani's ghost, novice DEFE
D:9 Snorg


Innate Abilities, Weirdness & Mutations

You cannot be hasted, slowed, berserked, paralysed or teleported.
You can dig through walls and to a lower floor.
You have a pair of large antennae on your head. (SInv)
Your four strong arms can wield two-handed weapons with a shield.


Message History

Snorg rages.
Snorg rages.
Snorg bites you! Snorg barely misses you. Snorg claws you but does no damage.
You block Snorg's attack. Snorg completely misses you.
You block Snorg's attack. Snorg bites you. You block Snorg's attack.
Snorg claws you!
* * * LOW HITPOINT WARNING * * *
Snorg looks more healthy.
You block Snorg's attack. x2
Snorg closely misses you. Snorg bites you!
* * * LOW HITPOINT WARNING * * *
You block Snorg's attack. x2
Snorg bites you!
* * * LOW HITPOINT WARNING * * *
Snorg claws you.
* * * LOW HITPOINT WARNING * * *
Snorg claws you.
* * * LOW HITPOINT WARNING * * *
Okay, then.
Unknown command.
Aiming: Polymorph
Press: ? - help, Shift-Dir - straight line, f - Snorg
Aim: Snorg (moderately wounded, berserk, will become a salamander, a tarantella, or a raiju, chance to affect: 19%)
Okay, then.
Unknown command.
Snorg misses you. Snorg barely misses you. You block Snorg's attack.
You block Snorg's attack. Snorg barely misses you.
Snorg claws you but does no damage. Snorg misses you. Snorg claws you!
* * * LOW HITPOINT WARNING * * *
Snorg claws you but does no damage.
You block Snorg's attack. x2; Snorg closely misses you.
Snorg closely misses you. Snorg claws you!
* * * LOW HITPOINT WARNING * * *
Snorg claws you but does no damage.
Unknown command.
You feel better. You block Snorg's attack. Snorg claws you!
* * * LOW HITPOINT WARNING * * *
Snorg barely misses you. Snorg bites you!
You die...

#.....#........#....#
#.....######'###....# #
#..............#....# ########
######..)......#...##### #......#
#.........#...##... '......#
#.<.......#........ #......#
#.........#........ ##...###
#.........#........
####'##########.@.......#...##...
.....#........#..T......#...##...
.....'........#.........#........
.....#........#.........######...
.....#........'..............#...
.....#........#..............#...
..##.####.....#..............####
..##.##########.?............#...
..#....#......##'#######.....#...


You could see Snorg (berserk).

Vanquished Creatures
  A two-headed ogre (D:4)
  Pikel (D:4)
  Joseph (D:8)
  An unseen horror (D:7)
  Sigmund (D:3)
  A human (D:9)
  Menkaure (D:6)
  3 water moccasins
  A black bear (D:5)
  3 orc warriors
  An ice beast (D:5)
  A sky beast (D:6)
  A necrophage (D:5)
  6 centaurs
  4 ogres
  4 lemures
  2 bullfrogs
  A kobold brigand (D:9)
  2 gnoll sergeants (D:6)
  A wyvern zombie (D:8)
  3 water moccasin zombies
  A water moccasin skeleton (D:4)
  6 killer bees (D:9)
  3 wights (D:9)
  A bullfrog zombie (D:4)
  5 centaur zombies
  3 hounds
  A human zombie (D:9)
  6 orc priests
  3 gnoll shamans
  3 jellies (D:5)
  Jessica (D:3)
  A bullfrog skeleton (D:5)
  A centaur skeleton (D:6)
  Ijyb (D:3)
  10 orc wizards
  2 iguanas
  A killer bee zombie (D:6)
  8 hound zombies (D:4)
  2 hound skeletons (D:4)
  A mummy (D:7)
  A howler monkey zombie (D:4)
  Robin (D:3)
  16 gnolls
  3 adders
  A shadow imp (D:7)
  A white imp (D:7)
  2 adder zombies (D:4)
  4 adder skeletons (D:4)
  2 worms
  A dart slug (D:1)
  13 orcs
  4 bats
  4 endoplasms
  2 giant cockroaches
  17 goblins
  15 hobgoblins
  8 jackals
  14 kobolds
  4 quokkas
  7 ball pythons
  A goblin skeleton (D:9)
  A jackal zombie (D:4)
  A quokka skeleton (D:4)
  A quokka zombie (D:4)
  8 rats
232 creatures vanquished.

Vanquished Creatures (others)
  37 plants (D:6)
  4 withered plants (D:4)
41 creatures vanquished.

Grand Total: 273 creatures vanquished

Notes
Turn   | Place    | Note
-------+----------+-------------------------------------------
     0 | D:1      | KamiKatze the Formicid Fighter began the quest for the Orb.
     0 | D:1      | Reached XP level 1. HP: 18/18 MP: 1/1
    82 | D:1      | Reached XP level 2. HP: 16/24 MP: 2/2
   597 | D:2      | Found Riysm's Jewellery Shoppe.
   605 | D:2      | Reached XP level 3. HP: 27/29 MP: 3/3
   971 | D:2      | Reached skill level 1 in Dodging
  1333 | D:2      | Found a faded altar of an unknown god.
  1445 | D:3      | Reached XP level 4. HP: 30/36 MP: 4/4
  1488 | D:3      | Found an ancient bone altar of Kikubaaqudgha.
  1585 | D:3      | Noticed Robin
  1612 | D:3      | Killed Robin
  1650 | D:3      | Noticed Sigmund
  1765 | D:2      | Reached skill level 3 in Axes
  1873 | D:3      | Killed Sigmund
  1874 | D:3      | Reached XP level 5. HP: 24/42 MP: 5/5
  1874 | D:3      | Reached XP level 6. HP: 28/48 MP: 6/6
  1904 | D:3      | Found a white marble altar of Elyvilon.
  1907 | D:3      | Found a broken altar of Ashenzari.
  1907 | D:3      | Found a shimmering altar of Xom.
  1909 | D:3      | Found an opulent altar of Gozag.
  1909 | D:3      | Found a shimmering altar of Xom.
  1909 | D:3      | Found a stormy altar of Qazlal.
  1995 | D:3      | Noticed Ijyb
  2016 | D:3      | Killed Ijyb
  2037 | D:3      | Reached skill level 4 in Axes
  2354 | D:3      | Noticed Jessica
  2361 | D:3      | Killed Jessica
  2411 | D:3      | Found a stormy altar of Qazlal.
  2568 | D:3      | Found a burning altar of Makhleb.
  2779 | D:4      | Reached XP level 7. HP: 46/55 MP: 7/7
  2845 | D:4      | Found a broken altar of Ashenzari.
  2906 | D:4      | Reached skill level 5 in Shields
  3029 | D:4      | Reached skill level 1 in Evocations
  3270 | D:3      | You fall into a shaft and drop 3 floors!
  3455 | D:6      | Reached skill level 5 in Axes
  3455 | D:6      | Reached skill level 5 in Armour
  3455 | D:6      | Reached XP level 8. HP: 31/61 MP: 8/8
  3689 | D:6      | Reached skill level 5 in Fighting
  3834 | D:5      | Entered Level 5 of the Dungeon
  4133 | D:3      | Reached skill level 6 in Axes
  4407 | D:4      | Reached XP level 9. HP: 62/68 MP: 9/9
  4571 | D:5      | Noticed Pikel
  4584 | D:5      | Noticed a two-headed ogre
  4727 | D:4      | You fall into a shaft and drop 3 floors!
  5020 | D:7      | Found a radiant altar of Vehumet.
  5098 | D:7      | Noticed a troll
  5522 | D:7      | Noticed an unseen horror
  5539 | D:7      | Killed an unseen horror
  5540 | D:7      | Reached skill level 7 in Axes
  5942 | D:6      | Found a staircase to the Ecumenical Temple.
  5951 | Temple   | Entered the Ecumenical Temple
  6081 | Temple   | Became a worshipper of Warmaster Okawaru
  6121 | D:6      | Found a hazy altar of Hepliaklqana.
  6554 | D:4      | Killed a two-headed ogre
  6554 | D:4      | Reached * piety under Okawaru
  6554 | D:4      | Reached ** piety under Okawaru
  6555 | D:4      | Reached skill level 8 in Axes
  6555 | D:4      | Reached XP level 10. HP: 33/77 MP: 3/10
  6811 | D:4      | Killed Pikel
  6887 | D:5      | Found an opulent altar of Gozag.
  6907 | D:5      | Reached skill level 5 in Dodging
  7534 | D:6      | Identified the +6 short sword "Cudoucs" {vamp, rC++ Str+4
                  | Stlth+}
  7748 | D:6      | Reached skill level 1 in Invocations
  7860 | D:6      | Reached *** piety under Okawaru
  8066 | D:6      | Identified a scroll of acquirement
  8066 | D:6      | Acquired a manual of Dodging
  8072 | D:6      | Noticed Menkaure
  8076 | D:6      | Killed Menkaure
  8648 | D:7      | Found a snail-covered altar of Cheibriados.
  8740 | D:8      | Reached skill level 9 in Axes
  8868 | D:8      | Found a runed translucent door.
  8871 | D:8      | Noticed NikiYani's ghost (novice DEFE)
  8871 | D:8      | Noticed a komodo dragon
  9009 | D:8      | Found a shadowy altar of Dithmenos.
  9116 | D:8      | Noticed Joseph
  9128 | D:8      | Killed Joseph
  9564 | D:9      | Reached XP level 11. HP: 71/83 MP: 9/12
  9591 | D:9      | Found a runed translucent door.
  9624 | D:9      | Found a basalt altar of Yredelemnul.
  9654 | D:9      | Found a staircase to the Orcish Mines.
  9695 | D:9      | Reached **** piety under Okawaru
 10339 | D:2      | Bought the amulet "Odufytann" {rPois Regen+ Int+4 SInv} for
                  | 591 gold pieces
 10887 | D:9      | Found a shimmering blue altar of Sif Muna.
 11026 | D:10     | Entered Level 10 of the Dungeon
 11026 | D:10     | Noticed Snorg
 11070 | D:9      | Slain by Snorg

Illustrated notes

Levels and vault maps discovered:
D:1:      giann_bridges, layout_basic
D:2:      layout_basic, hellmonk_ecumenical_altar_inner_sanctum, serial_shops,
          nicolae_shop_stone
D:3:      layout_basic, doesnt_xom_only_xom, bloody_makhleb,
          general_overflow_altar, mainiacjoe_overflow_alcove_2,
          grunt_ministairs_2, dk_vineyard_2, item_on_display_a, uniq_jessica,
          uniq_ijyb, uniq_sigmund, uniq_robin
D:4:      layout_cave_pools, mainiacjoe_overflow_paths, serial_undead,
          serial_undead_d, serial_undead_f, serial_undead_e, serial_undead_a,
          serial_undead_d, serial_undead_e, serial_undead_c, serial_undead_d
D:5:      layout_loops_cross, grunt_gozag_statues, uniq_pikel
D:6:      kennysheep_housing_project, layout_basic, amcnicky_altar_gilded,
          minmay_temple_entry_offerings, uniq_menkaure
D:7:      layout_loops_ring, chei_slow_surprise, vehumet_statue
D:8:      layout_basic, mainiacjoe_overflow_alcove_1, ebering_ghost_inner_flame,
          uniq_joseph
D:9:      layout_gridville, dk_yredelemnul_ordeal, lemuel_round_altar,
          orc_0_dummy
D:10:     layout_stronghold, nicolae_uskayaw_suspiria, minmay_bent, uniq_psyche,
          uniq_snorg
Temple:   nicolae_temple_figure_zero

Skill      XL: |  1  2  3  4  5  6  7  8  9 10 11 |
---------------+----------------------------------+-----
Dodging        | 1 2 3 4 5 6 |  6.2
Shields        | 4 5 6 7 8 |  8.5
Axes           | 3 4 5 6 8 9 |  9.5
Fighting       | 4 5 6 7 |  7.8
Armour         | 4 5 6 7 |  7.8
Evocations     | 1 2 |  2.0
Invocations    | 2 3 |  3.2

Action                   |  1- 3 |  4- 6 |  7- 9 | 10-12 || total
-------------------------+-------+-------+-------+-------++-------
Melee: War axe           |   116 |   133 |   265 |       ||   514
       Broad axe         |       |       |    83 |   304 ||   387
Throw: Dart              |       |       |    10 |     4 ||    14
 Abil: Shaft Self        |       |       |     2 |       ||     2
Evoke: Wand              |       |     1 |       |       ||     1
  Use: Scroll            |       |     2 |     7 |     8 ||    17
       Potion            |       |     2 |     1 |     1 ||     4
 Stab: Distracted        |       |       |       |     1 ||     1
Armor: Scale mail        |    53 |    63 |   164 |    43 ||   323
       Chain mail        |       |       |       |    67 ||    67
Dodge: Dodged            |    35 |    60 |   192 |   127 ||   414
Block: Kite shield       |    61 |    76 |   254 |   226 ||   617
